 Dungeon Crawl Stone Soup version 0.17-a0-125-g34d91a1 (webtiles) character file.

5642 PolkaDot the Bewitcher (level 10, -2/69 HPs)
             Began as a Vampire Enchanter on Mar 23, 2015.
             Was an Initiate of Ashenzari.
             Killed from afar by an electric eel (9 damage)
             ... with a bolt of electricity
             ... on level 10 of the Dungeon.
             The game lasted 00:31:06 (10547 turns).

PolkaDot the Bewitcher (Vampire Enchanter)         Turns: 10547, Time: 00:31:07

Health: -2/69      AC:  9    Str:  9      XL:     10   Next: 46%
Magic:  0/16       EV: 13    Int: 16 (18) God:    Ashenzari [......]
Gold:   454        SH:  0    Dex: 17      Spells: 4 memorised, 3 levels left

rFire  x . .     SeeInvis +     x - +0 dagger (venom)
rCold  + + .     Clarity  .     s - +3 robe "Hulusul" {-Tele rC+ Regen+ Str+2} (curse)
rNeg   . . .     SustAb   .     (no shield)
rPois  .         Gourm    .     E - +0 helmet (curse)
rElec  .         Spirit   +     (no cloak)
rCorr  .         Warding  .     t - +2 pair of gloves {Dex+3} (curse)
rMut   .         NoTele   +     (no boots)
MR     +....                    y - amulet of guardian spirit
Stlth  ++++++....               u - ring of flight
                                m - ring of ice

@: regenerating quickly, hasted, very quick, somewhat resistant to hostile
enchantments, very stealthy
A: bottle blood, fangs 3, see invisible, deterioration 1, dopey 1, robust 1,
unbreathing
a: Renounce Religion, Evoke Flight


You were on level 10 of the Dungeon.
You worshipped Ashenzari.
Ashenzari was noncommittal.
You were full.

You visited 2 branches of the dungeon, and saw 11 of its levels.

You collected 574 gold pieces.
You spent 120 gold pieces at shops.

Inventory:

Hand weapons
 x - a +0 dagger of venom (weapon)
Armour
 s - the cursed +3 robe "Hulusul" (worn) {-Tele rC+ Regen+ Str+2}
   (You found it on level 4 of the Dungeon)

   It affects your strength (+2).
   It protects you from cold.
   It prevents most forms of teleportation.
   It increases your rate of regeneration.
   It has a curse placed upon it.
 t - a cursed +2 pair of gloves of dexterity (worn)
 E - a cursed +0 helmet (worn)
Jewellery
 m - a ring of ice (left hand)
 u - a ring of flight (right hand)
 y - an amulet of guardian spirit (around neck)
Magical devices
 a - a wand of digging (16)
 v - a wand of slowing (19)
 w - a wand of confusion (8)
Scrolls
 b - a scroll of random uselessness {unknown}
 e - 2 scrolls of curse armour
 g - 5 scrolls of identify {unknown}
 h - 3 scrolls of teleportation {unknown}
 j - 4 scrolls of noise {unknown}
 l - 2 scrolls of magic mapping {unknown}
 n - a scroll of enchant armour {unknown}
 o - 4 scrolls of blinking {unknown}
 p - 4 scrolls of amnesia {unknown}
 q - a scroll of fog {unknown}
 r - a scroll of enchant weapon {unknown}
 B - a scroll of curse weapon
 D - 4 scrolls of remove curse
 F - a scroll of acquirement {unknown}
Potions
 c - a potion of flight
 d - a potion of restore abilities
 f - 9 potions of blood {@*1}
Books
 i - a book of Control

   Spells                             Type                      Level
   a - Control Teleport               Charms/Translocation         4
   b - Control Undead                 Necromancy                   4
   c - Enslavement                    Hexes                        4
   d - Metabolic Englaciation         Hexes/Ice                    5
   e - Mass Confusion                 Hexes                        6
 z - a book of Battle

   Spells                             Type                      Level
   a - Infusion                       Charms                       1
   b - Shroud of Golubria             Charms/Translocation         2
   c - Song of Slaying                Charms                       2
   d - Spectral Weapon                Hexes/Charms                 3
   e - Regeneration                   Charms/Necromancy            3
 A - a book of Necromancy

   Spells                             Type                      Level
   a - Pain                           Necromancy                   1
   b - Animate Skeleton               Necromancy                   1
   c - Vampiric Draining              Necromancy                   3
   d - Regeneration                   Charms/Necromancy            3
   e - Animate Dead                   Necromancy                   4
   f - Control Undead                 Necromancy                   4
 C - a book of Enchantments

   Spells                             Type                      Level
   a - Tukima's Dance                 Hexes                        3
   b - Cause Fear                     Hexes                        4
   c - Silence                        Hexes/Air                    5
   d - Deflect Missiles               Charms/Air                   6
   e - Haste                          Charms                       6
   f - Discord                        Hexes                        8


   Skills:
 + Level 8.4 Short Blades
 - Level 2.1 Dodging
 + Level 12.6 Stealth
 - Level 2.0 Spellcasting
 * Level 15.4 Hexes
 - Level 1.0 Ice Magic


You had 3 spell levels left.
You knew the following spells:

 Your Spells              Type           Power        Failure   Level  Hunger
a - Corona                Hex            ######.      1%          1    #......
c - Confuse               Hex            ######..     1%          3    ###....
d - Ensorcelled Hibernat  Hex/Ice        #####.       1%          2    ###....
e - Enslavement           Hex            ######..     1%          4    #####..


Dungeon Overview and Level Annotations

Branches:
Dungeon (10/15)            Temple (1/1) D:4            Lair (0/8) D:10
    Orc (0/4) D:9

Altars:
Ashenzari
Cheibriados
Dithmenos
Elyvilon
Fedhas
Gozag
Kikubaaqudgha
Makhleb
Nemelex Xobeh
Okawaru
Qazlal
Ru
Sif Muna
Trog
Vehumet
Xom
Yredelemnul
Zin
The Shining One

Shops:
D:5 *


Innate Abilities, Weirdness & Mutations

Your natural rate of healing is unusually fast.
You can bottle blood from corpses.
You have razor-sharp teeth.
You have supernaturally acute eyesight.
You can survive without breathing.
Your body is slowly deteriorating.
You are dopey. (Int -2)
You are robust (+10% HP).


Message History

Casting: Ensorcelled Hibernation
Confirm with . or Enter, or press ? or * to list all spells.
You don't have enough magic to cast that spell.
Casting: Ensorcelled Hibernation
Confirm with . or Enter, or press ? or * to list all spells.
You don't know that spell.
Unknown command.
Drink which item? (? for menu, Esc to quit)
Okay, then.
You closely miss the electric eel. You miss the electric eel.
The electric eel shoots out a bolt of lightning at you!
The bolt of electricity hits you!
* * * LOW HITPOINT WARNING * * *
Drink which item? (? for menu, Esc to quit)
You feel yourself speed up.
The electric eel shoots out a bolt of lightning at you!
The bolt of electricity hits you!
* * * LOW MAGIC WARNING * * *
You die...

####.# #.##.≈≈≈≈.≈≈.≈≈≈≈≈≈ ####.#
#..#.≈≈≈≈.≈≈.≈≈≈≈≈≈≈ ...#.#
##.#.≈≈≈≈.≈≈.≈≈≈≈≈≈≈≈ ...#.#
#.#.≈≈≈≈.≈≈.≈≈≈≈≈≈≈≈≈ ...#.#
#.#.≈≈≈≈.≈≈.≈≈≈≈≈≈≈≈≈
...#.####...≈≈≈≈.≈≈.≈≈≈≈≈≈≈≈≈ ≈≈≈
...#.#..............≈≈≈≈≈≈≈≈≈.≈≈≈
...#.#......≈≈≈≈.;≈≈≈≈≈≈≈≈≈≈≈.≈≈≈
...#.#..##.≈≈≈≈.@..[..........≈≈≈
##.#.#...#.≈≈≈≈..≈≈≈≈≈≈≈≈≈≈≈≈≈≈≈≈
...#.#...#..≈≈≈..........≈≈≈≈≈≈≈≈
####.#.#.##.≈≈≈...≈≈≈≈≈≈.≈≈≈≈≈≈≈≈
####...#.##..≈≈...≈≈≈≈≈≈.≈≈≈≈≈≈≈≈
.........###.##...#.............#
############..#...#.####.######.#
..............#...#.# #.# #.#
######>######.....#.####.######.#


You could see an electric eel.

Vanquished Creatures
  A hill giant (D:10)
  Grinder (D:4)
  Prince Ribbit (D:6)
  4 deep elf magi (D:9)
  A wraith (D:10)
  A two-headed ogre (D:10)
  A wyvern (D:9)
  Eustachio (D:5)
  The ghost of drjones the Slasher, an average HuSk (D:4)
  A water moccasin (D:10)
  An ice beast (D:9)
  A phantom (D:4)
  2 orc warriors (D:9)
  5 ogres
  A sky beast (D:8)
  2 wasps
  A centaur (D:7)
  Sigmund (D:4)
  A giant frog (D:6)
  The ghost of Veiltonx the Sneak, an average SpEn (D:3)
  2 big kobolds
  5 scorpions
  3 electric eels
  7 crimson imps
  2 quasits
  A centaur skeleton (D:4)
  A gnoll shaman (D:7)
  4 orc priests
  3 giant frog skeletons
  5 hounds
  2 jellies
  6 orc wizards
  4 worker ants
  Ijyb (D:5)
  2 hound skeletons
  Robin (D:4)
  3 gnolls (D:7)
  9 adders
  A giant mite (D:3)
  A hound simulacrum (D:9)
  2 white imps (D:9)
  2 worms (D:2)
  2 shadow imps
  An adder simulacrum (D:9)
  2 oozes
  36 orcs
  3 ball pythons
  3 bat skeletons
  A bat zombie (D:6)
  9 giant cockroaches
  24 goblins
  21 hobgoblins
  28 kobolds
  3 quokkas
  15 bats
  4 giant geckos
  A giant gecko skeleton (D:8)
  2 giant newts
  12 jackals
  2 quokka zombies
  11 rats
276 creatures vanquished.

Notes
Turn   | Place    | Note
--------------------------------------------------------------
     0 | D:1      | PolkaDot, the Vampire Enchanter, began the quest for the Orb.
     0 | D:1      | Reached XP level 1. HP: 13/13 MP: 3/3
   166 | D:1      | Reached skill level 5 in Hexes
   166 | D:1      | Reached XP level 2. HP: 16/19 MP: 4/4
   430 | D:1      | Learned a level 2 spell: Ensorcelled Hibernation
   699 | D:1      | Reached skill level 1 in Ice Magic
  1140 | D:2      | Reached XP level 3. HP: 24/24 MP: 6/6
  1283 | D:2      | Reached skill level 5 in Stealth
  1655 | D:2      | Reached XP level 4. HP: 30/30 MP: 7/7
  2056 | D:2      | Reached skill level 6 in Hexes
  2236 | D:2      | Found a glowing silver altar of Zin.
  2236 | D:2      | Found a radiant altar of Vehumet.
  2483 | D:3      | Noticed Veiltonx's ghost (average SpEn)
  2487 | D:3      | Learned a level 3 spell: Confuse
  2498 | D:3      | Gained mutation: You are robust (+10% HP). [potion of mutation]
  2498 | D:3      | Gained mutation: You are dopey. (Int -2) [potion of mutation]
  2498 | D:3      | Gained mutation: Your body is slowly deteriorating. [potion of mutation]
  2509 | D:3      | Killed Veiltonx's ghost
  2509 | D:3      | Reached XP level 5. HP: 27/38 MP: 5/9
  3358 | D:4      | Noticed Sigmund
  3362 | D:4      | Reached skill level 7 in Hexes
  3364 | D:4      | Killed Sigmund
  3364 | D:4      | Reached XP level 6. HP: 45/45 MP: 5/10
  3436 | D:4      | Found a staircase to the Ecumenical Temple.
  3449 | Temple   | Entered the Ecumenical Temple
  3752 | D:4      | Noticed drjones' ghost (average HuSk)
  3788 | D:4      | Killed drjones' ghost
  3788 | D:4      | Reached skill level 8 in Hexes
  3834 | D:4      | Noticed Robin
  3835 | D:4      | Noticed a phantom
  3902 | D:4      | Killed Robin
  4137 | D:4      | Killed a phantom
  4137 | D:4      | Reached XP level 7. HP: 35/50 MP: 3/12
  4313 | D:4      | Found a blossoming altar of Fedhas.
  4320 | D:4      | Reached skill level 9 in Hexes
  4743 | D:4      | Got a heavy robe
  4754 | D:4      | Identified the +3 robe "Hulusul" {-Tele rC+ Regen+ Str+2} (You found it on level 4 of the Dungeon)
  4761 | D:4      | Noticed Grinder
  4773 | D:4      | Paralysed by Grinder for 2 turns
  4791 | D:4      | Killed Grinder
  4797 | D:4      | Learned a level 4 spell: Enslavement
  4951 | D:5      | Entered Level 5 of the Dungeon
  5287 | D:5      | Noticed Ijyb
  5290 | D:5      | Killed Ijyb
  5315 | D:5      | Reached skill level 10 in Hexes
  5318 | D:5      | Reached XP level 8. HP: 52/57 MP: 4/13
  5431 | D:5      | Reached skill level 5 in Short Blades
  5555 | D:5      | Found Hasteh's Assorted Antiques.
  5573 | D:5      | Bought a pair of embroidered gloves for 67 gold pieces
  5573 | D:5      | Bought 3 sedimented pink potions for 40 gold pieces
  5573 | D:5      | Bought an orange potion for 13 gold pieces
  5870 | D:5      | Noticed Eustachio
  5875 | D:5      | Killed Eustachio
  5875 | D:5      | Reached skill level 11 in Hexes
  6135 | D:6      | Found an ancient bone altar of Kikubaaqudgha.
  6150 | D:6      | Noticed Prince Ribbit
  6155 | D:6      | Killed Prince Ribbit
  6155 | D:6      | Reached skill level 10 in Stealth
  6387 | D:6      | Reached skill level 12 in Hexes
  6451 | D:6      | Reached XP level 9. HP: 58/62 MP: 11/14
  6730 | D:6      | Found a bloodstained altar of Trog.
  7450 | D:7      | Reached skill level 13 in Hexes
  8489 | D:9      | Found a staircase to the Orcish Mines.
  8612 | D:9      | Reached skill level 14 in Hexes
  8889 | D:9      | Found a deep blue altar of Sif Muna.
  8934 | D:9      | Reached XP level 10. HP: 69/69 MP: 13/16
  9050 | D:9      | Found a shattered altar of Ashenzari.
  9055 | D:9      | Found a sacrificial altar of Ru.
  9270 | D:10     | Entered Level 10 of the Dungeon
  9385 | D:10     | Found a staircase to the Lair.
  9779 | D:10     | Reached skill level 15 in Hexes
  9852 | D:10     | Noticed a hill giant
  9859 | D:10     | Killed a hill giant
  9993 | D:9      | Became a worshipper of Ashenzari the Shackled
 10547 | D:10     | Killed from afar by an electric eel

Action                   |  1- 3 |  4- 6 |  7- 9 | 10-12 || total
-------------------------+-------+-------+-------+-------++-------
Melee: Dagger            |   128 |   179 |   504 |   110 ||   921
 Cast: Ensorcelled Hiber |    10 |    25 |    81 |     9 ||   125
       Confuse           |       |     9 |     6 |    10 ||    25
  Use: Potion            |       |     6 |    13 |    11 ||    30
       Scroll            |       |       |       |     3 ||     3
 Stab: Sleeping          |    16 |    25 |    86 |    12 ||   139
       Distracted        |     1 |       |     3 |       ||     4
       Confused          |       |     6 |     7 |     5 ||    18
  Eat: Corpse            |       |     1 |    21 |       ||    22
